 Dungeon Crawl Stone Soup version 0.18.1-48-g4cf74bf (webtiles) character file.

491 raph the Covert (level 6, -1/30 HPs)
             Began as a Spriggan Assassin on July 2, 2016.
             Was an Elder of Zin.
             Slain by a gnoll sergeant
             ... wielding a +0 spear of pain
              (8 damage)
             ... on level 5 of the Dungeon.
             The game lasted 00:12:32 (5276 turns).

raph the Covert (Spriggan Assassin)                 Turns: 5276, Time: 00:12:32

Health: -1/30      AC:  3    Str:  7      XL:     6   Next: 91%
Magic:  7/7        EV: 22    Int: 13      God:    Zin [****..]
Gold:   208        SH:  0    Dex: 18 (19) Spells: 0 memorised, 5 levels left

rFire  . . .     SeeInvis +     b - +0 blowgun
rCold  . . .     Gourm    .     c - +0 robe
rNeg   . . .     Faith    .     (shield restricted)
rPois  .         Spirit   .     (helmet restricted)
rElec  .         Dismiss  .     d - +0 cloak
rCorr  .         Reflect  .     (gloves unavailable)
SustAt .         Harm     .     (boots unavailable)
MR     +....                    (no amulet)
Stlth  +++++.....               (no ring)
                                (no ring)

@: short of breath, very quick, somewhat resistant to hostile enchantments,
quite stealthy
A: unfitting armour, see invisible, herbivore 3, speed 3, slow metabolism 2
a: Recite, Vitalisation, Imprison, Donate Gold, Renounce Religion


You were on level 5 of the Dungeon.
You worshipped Zin.
Zin was greatly pleased with you.
You were not hungry.

You visited 1 branch of the dungeon, and saw 5 of its levels.

You collected 231 gold pieces.
You donated 23 gold pieces to Zin.

Inventory:

Hand Weapons
 a - a +2 dagger
 b - a +0 blowgun (weapon)
Missiles
 e - 31 poisoned needles (quivered)
 f - 2 curare-tipped needles
 v - 20 tomahawks
Armour
 c - a +0 robe (worn)
 d - a +0 cloak (worn)
Jewellery
 i - an uncursed ring of poison resistance {unknown}
 B - an uncursed amulet of dismissal {unknown}
Wands
 y - a wand of lightning (9/15)
Scrolls
 j - 3 scrolls of teleportation {unknown}
 k - 7 scrolls of identify {unknown}
 l - a scroll of amnesia {unknown}
 m - 2 scrolls of random uselessness {unknown}
 n - a scroll of recharging {unknown}
 p - 3 scrolls of remove curse {unknown}
 s - a scroll of enchant weapon {unknown}
 t - 3 scrolls of noise {unknown}
 u - a scroll of magic mapping {unknown}
 w - 2 scrolls of immolation {unknown}
 A - a scroll of enchant armour {unknown}
Potions
 h - a potion of heal wounds
 q - a potion of brilliance {unknown}
 r - a potion of lignification {unknown}
 x - 2 potions of curing {unknown}
 z - a potion of might {unknown}
Comestibles
 g - 6 bread rations
 o - 8 fruits


   Skills:
 + Level 2.3 Fighting
 + Level 3.0 Short Blades
 + Level 3.9 Throwing
 + Level 5.9 Dodging
 + Level 8.5 Stealth


You had 5 spell levels left.
You didn't know any spells.

Dungeon Overview and Level Annotations

Branches:
Dungeon (5/15)             Temple (0/1) D:4

Altars:
Dithmenos
Gozag
Nemelex Xobeh
Sif Muna
Zin


Innate Abilities, Weirdness & Mutations

You are tiny and cannot use many weapons and most armour.
You have supernaturally acute eyesight.
You are a herbivore.
You cover ground extremely quickly.
You need consume almost no food.


Message History

* * * LOW HITPOINT WARNING * * *
A worker ant comes into view.
The centaur looks more healthy.
The gnoll hits you from afar with a spear.
* * * LOW HITPOINT WARNING * * *
Found 16 gold pieces.
A giant gecko comes into view.
Found a leatherbound book.
You clear your throat and prepare to recite. "To those who would swear an oath of order on my altar..."
The gnoll is dazed by your recitation. The orc is confused by your recitation.
The gnoll is lost in a daze.
The giant gecko completely misses you.
The orc closely misses something. "...I bring ye salvation.
To the rest, ye hordes of the Abyss..."
The gnoll is lost in a daze. "...and the chaotic, the name of Zin shall be thy damnation."
You finish reciting Apostates 20:19.
You see here a poisoned needle.
The gnoll sergeant hits you from afar with a spear of pain!
You die...

...### ......###
......%.#
........#############
........##.......(..#
......(##.......(..# . .
#.a.#...........#
....####..@<(.)$.....#
.....).(((#..........# #
..##.:.....g.........###
....(....l#######o..(.(#
#
.............####og....#
..
....#.........g.cs.....#
..
#..##........####......#
#..#.....(...# #......#
#....>....%..# #......#


You could see a gnoll sergeant, a worker ant, an orc (confused) and a giant
gecko.

Vanquished Creatures
  A quasit (D:5)
  A hound (D:3)
  Jessica (D:2)
  Natasha (thrice) (D:3)
  An iguana (D:4)
  2 worker ants (D:4)
  8 gnolls
  9 adders
  An ooze (D:1)
  An adder skeleton (D:4)
  2 dart slugs (D:2)
  2 giant geckos
  6 orcs (D:3)
  4 giant cockroaches
  4 hobgoblins
  11 jackals
  6 kobolds
  2 quokkas
  8 bats
  A giant gecko skeleton (D:4)
  3 giant newts
  7 goblins
  7 rats
91 creatures vanquished.

Notes
Turn   | Place    | Note
--------------------------------------------------------------
     0 | D:1      | raph the Spriggan Assassin began the quest for the Orb.
     0 | D:1      | Reached XP level 1. HP: 10/10 MP: 2/2
    55 | D:1      | Reached skill level 6 in Stealth
   219 | D:1      | Reached XP level 2. HP: 10/14 MP: 3/3
   941 | D:1      | Reached XP level 3. HP: 18/18 MP: 4/4
  1291 | D:2      | Reached skill level 7 in Stealth
  1372 | D:2      | Found a faded altar to an unknown god.
  1401 | D:2      | Became a worshipper of Zin the Law-Giver
  1401 | D:2      | Reached * piety under Zin
  1531 | D:2      | Reached XP level 4. HP: 12/23 MP: 5/5
  1936 | D:2      | Noticed Jessica
  1950 | D:2      | Killed Jessica
  2124 | D:3      | Noticed Natasha
  2159 | D:3      | Killed Natasha
  2376 | D:3      | Reached ** piety under Zin
  2395 | D:3      | Reached XP level 5. HP: 26/26 MP: 6/6
  2416 | D:3      | Noticed Natasha
  2428 | D:3      | Killed Natasha
  2510 | D:3      | Found a deep blue altar of Sif Muna.
  2527 | D:3      | Noticed Natasha
  2542 | D:3      | Killed Natasha
  2542 | D:3      | Reached skill level 8 in Stealth
  2879 | D:3      | Reached *** piety under Zin
  3115 | D:3      | Reached XP level 6. HP: 30/30 MP: 7/7
  3389 | D:4      | Found a sparkling altar of Nemelex Xobeh.
  3978 | D:4      | Reached skill level 5 in Dodging
  4619 | D:4      | Found a staircase to the Ecumenical Temple.
  4772 | D:4      | Reached **** piety under Zin
  4920 | D:5      | Entered Level 5 of the Dungeon
  5186 | D:4      | Found an opulent altar of Gozag.
  5190 | D:4      | Found a shadowy altar of Dithmenos.
  5276 | D:5      | Slain by a gnoll sergeant

Skill      XL: |  1  2  3  4  5  6 |
---------------+-------------------+-----
Stealth        | 6 7 8 |  8.5
Dodging        | 2 3 4 5 |  5.9
Throwing       | 3 |  3.9
Fighting       | 2 |  2.3
Short Blades   | 3 |  3.0

Action                   |  1- 3 |  4- 6 || total
-------------------------+-------+-------++-------
Melee: Dagger            |    86 |   212 ||   298
 Fire: Blowgun           |    19 |    85 ||   104
Invok: Recite            |       |     2 ||     2
       Vitalisation      |       |     1 ||     1
 Stab: Sleeping          |     9 |    11 ||    20
       Distracted        |     1 |       ||     1
  Eat: Fruit             |       |     2 ||     2
Armor: Robe              |    11 |    43 ||    54
Dodge: Dodged            |    51 |   263 ||   314
